Map: Cyber Forest LE

Players

Piroxiljin

  • Race: Terran Terran
  • Spawn Location: 11:00

A.I. 1 (Harder) - Winner!

  • Race: Zerg Zerg
  • Spawn Location: 5:00

VOD

Have the link to the VOD?

Description

Time

  • Played on: Feb. 2, 2019, 8:39 a.m.
  • Length: 30:10
Show
View Real Time Build Order
Export as new Build Order

Piroxiljin Terran 

Build Orders: Mech 

Get SALT Encoding   

  12  0:01  SCV  
  13  0:14  SCV  
  14  0:30  Supply Depot  
  14  0:33  SCV  
  15  0:42  Refinery  
  15  0:51  SCV  
  15  0:56  Barracks  
  16  1:04  SCV  
  17  1:13  Refinery  
  17  1:16  SCV  
  18  1:28  SCV  
  19  1:35  Supply Depot  
  19  1:40  SCV  
  20  2:01  Orbital Command  
  20  2:04  Barracks Tech Lab  
  20  2:15  Factory  
  20  2:28  Marauder  
  20  2:29  Concussive Shells  
  22  2:34  SCV  
  23  2:46  SCV  
  23  2:50  Engineering Bay  
  24  2:58  SCV  
  24  3:00  Hellion  
  27  3:21  Factory  
  27  3:33  Barracks Tech Lab  
  27  3:44  Siege Tank  
  30  3:51  Terran Infantry Weapons Level 1  
  30  3:52  Command Center  
  30  4:24  Barracks Tech Lab  
  30  4:29  Supply Depot  
  30  4:31  Supply Depot  
  30  4:34  Supply Depot  
  30  4:35  Siege Tank  
  33  4:38  Siege Tank  
  36  4:58  SCV  
  40  5:07  Siege Tank  
  40  5:08  Factory  
  40  5:10  SCV  
  41  5:22  SCV  
  42  5:34  SCV  
  43  5:45  Refinery  
  43  5:47  SCV  
  44  5:55  Barracks Tech Lab  
  44  5:57  Terran Infantry Armor Level 1  
  44  5:59  SCV  
  44  6:11  SCV  
  45  6:12  Cyclone  
  45  6:13  Cyclone x2  
  54  6:22  Starport  
  54  6:23  SCV  
  55  6:32  Supply Depot  
  55  6:33  Supply Depot  
  55  6:35  SCV, Supply Depot  
  55  6:38  Orbital Command  
  56  7:16  SCV  
  56  7:18  Mag-Field Accelerator  
  57  7:36  Armory  
  57  7:42  Raven  
  59  7:47  Barracks Tech Lab  
  59  7:49  SCV  
  59  7:51  SCV  
  61  7:59  Refinery  
  61  8:01  SCV  
  61  8:03  SCV  
  63  8:15  SCV, Cyclone, Siege Tank  
  63  8:18  Marine  
  71  8:24  Armory  
  71  8:27  SCV  
  72  8:36  Marine  
  72  8:39  SCV  
  74  8:53  Marine  
  75  9:11  Barracks, Marine  
  75  9:13  SCV  
  75  9:15  Barracks  
  77  9:21  Barracks  
  77  9:26  SCV  
  77  9:29  Marine  
  79  9:38  SCV  
  80  9:40  Supply Depot  
  80  9:46  Terran Vehicle Weapons Level 1  
  80  9:47  Terran Vehicle And Ship Armor Level 1, Marine  
  81  10:03  Barracks Reactor  
  81  10:04  Supply Depot  
  81  10:05  Barracks Reactor  
  81  10:09  Barracks Reactor  
  81  10:27  Supply Depot  
  59  10:48  SCV x2  
  61  10:53  Marine x7  
  61  10:57  Cyclone x2, Siege Tank  
  74  11:00  SCV x2, Raven  
  81  11:10  Marine x2  
  81  11:11  Marine x4  
  87  11:20  Missile Turret  
  87  11:23  Missile Turret  
  87  11:29  Siege Tank, Thor  
  96  11:38  Missile Turret  
  96  11:40  Missile Turret  
  96  11:45  Missile Turret  
  96  11:52  SCV  
  96  11:53  Missile Turret  
  97  11:57  Missile Turret  
  97  12:04  SCV  
  97  12:06  Command Center  
  98  12:16  SCV  
  98  12:20  Missile Turret  
  99  12:41  Marine  
  99  12:42  Marine x2  
  99  12:44  Cyclone x2, Siege Tank  
  111  12:45  Missile Turret  
  111  12:48  Viking  
  113  13:03  Supply Depot x2  
  113  13:04  SCV  
  114  13:05  Supply Depot  
  114  13:16  SCV, Siege Tank x2  
  114  13:18  Refinery, Viking, Thor  
  129  13:24  Planetary Fortress  
  129  13:27  Missile Turret  
  129  13:28  SCV  
  129  13:33  SCV  
  131  13:40  SCV  
  132  13:45  SCV  
  132  13:48  Viking, Thor  
  141  13:49  Missile Turret  
  141  13:52  SCV  
  141  13:54  Missile Turret  
  142  14:01  Missile Turret  
  142  14:15  Missile Turret  
  142  14:16  Marine x3  
  139  14:17  Cyclone x2  
  145  14:31  Cyclone  
  148  14:35  Missile Turret  
  148  14:41  Refinery  
  148  14:49  Thor x2  
  160  14:59  Missile Turret  
  93  16:04  Thor x2  
  93  16:06  Viking  
  104  16:15  Marine x3  
  104  16:16  Marine x4  
  111  16:19  Cyclone  
  114  16:33  Marine x5  
  114  16:34  Marine  
  114  16:36  Viking  
  122  16:47  Cyclone  
  125  16:56  Marine x2  
  125  16:57  Marine x4  
  125  16:58  Thor  
  125  16:59  Siege Tank  
  140  17:06  Viking  
  142  17:20  Command Center  
  142  17:27  Marine x2  
  142  17:28  Marauder  
  146  17:30  Cyclone  
  146  17:36  Viking  
  151  17:40  Starport  
  151  17:49  Marauder  
  151  17:50  Terran Vehicle Weapons Level 2  
  153  18:06  Viking  
  153  18:10  Marauder  
  127  18:36  Viking  
  129  18:41  Marine  
  129  18:42  Marine x4  
  129  18:45  Cyclone x2  
  129  18:46  Siege Tank  
  134  19:07  Marine x7  
  130  19:17  Siege Tank  
  125  19:24  Marine  
  125  19:25  Marine x3  
  129  19:42  Planetary Fortress  
  121  19:51  Missile Turret  
  114  19:52  Missile Turret  
  114  19:53  Refinery x2  
  108  20:34  Viking x2  
  112  20:37  Marine x3  
  112  20:38  Marine x2  
  112  20:40  Siege Tank, Thor x2  
  90  21:04  Viking x2  
  89  21:12  Siege Tank  
  90  21:30  SCV  
  91  21:34  Viking  
  93  21:40  Barracks Tech Lab  
  42  22:33  Marine x4  
  42  22:34  Marine x2  
  43  22:51  Marine x2  
  45  23:05  Cyclone x3  
  53  23:18  Viking  
  54  23:24  Marine x6  
  54  23:25  Marine  
  61  23:37  Cyclone, Thor x2  
  76  23:57  Marine x3  
  76  23:58  Marine  
  80  24:09  Thor  
  86  24:17  Command Center  
  86  24:20  Cyclone x2  
  92  24:34  Terran Vehicle And Ship Armor Level 2  
  92  25:00  Refinery  
  92  25:04  Command Center  
  92  25:14  Siege Tank  
  95  25:59  SCV  
  96  26:10  Command Center  
  96  26:11  SCV  
  97  26:21  Fusion Core  
  97  26:23  SCV  
  99  26:32  SCV  
  99  26:35  SCV  
  100  26:42  Refinery  
  100  26:45  SCV  
  101  26:47  SCV  
  101  26:48  Missile Turret  
  102  26:56  Viking  
  102  26:57  SCV  
  105  27:09  Missile Turret  
  105  27:26  Viking  
  107  27:30  SCV  
  107  27:32  Missile Turret  
  108  27:42  SCV, Battlecruiser  
  108  27:43  Barracks Tech Lab  
  114  27:53  Missile Turret  
  114  27:54  SCV  
  114  27:56  Viking  
  85  28:06  SCV  
  28  28:26  Planetary Fortress  
  27  28:47  Fusion Core  
  27  28:48  Marine x7  
  34  29:05  Marine x2  
  34  29:06  Marine x3  
  39  29:27  Missile Turret x2  
  39  29:29  Missile Turret  
Show
View Real Time Build Order
Export as new Build Order

A.I. 1 (Harder) Zerg - Winner!

Build Orders: 1 Base Baneling Bust, Pool First, Brood Lord Corruptor, Muta Ling Bane 

Get SALT Encoding   

  12  0:00  Drone  
  13  0:12  Overlord  
  13  0:17  Drone  
  14  0:30  Drone x2  
  16  0:42  Spawning Pool  
  15  0:45  Drone  
  15  0:49  Drone  
  17  0:52  Extractor  
  17  0:55  Drone  
  17  1:05  Overlord  
  17  1:30  Queen  
  17  1:31  Zergling x2  
  20  1:37  Roach Warren  
  20  1:38  Drone  
  20  1:41  Zergling x2  
  20  1:43  Extractor  
  20  1:49  Drone  
  21  1:59  Drone  
  22  2:07  Lair  
  22  2:21  Drone  
  23  2:28  Overlord  
  23  2:33  Drone  
  24  3:09  Drone, Hydralisk Den  
  24  3:39  Hydralisk  
  24  3:40  Lurker Den, Drone  
  26  3:43  Overlord  
  26  3:50  Hydralisk  
  28  4:00  Hydralisk  
  28  4:01  Drone x2  
  28  4:02  Drone  
  33  4:07  Drone  
  34  4:11  Hydralisk  
  34  4:12  Drone, Overlord  
  37  4:19  Drone  
  38  4:30  Evolution Chamber, Drone  
  38  4:32  Baneling Nest  
  37  4:40  Drone  
  37  4:43  Hydralisk  
  40  4:54  Hydralisk  
  42  5:09  Hydralisk, Overlord, Lurker x2  
  46  5:19  Hydralisk  
  48  5:39  Baneling  
  48  5:45  Zergling x2  
  48  5:47  Hatchery, Spire  
  48  5:48  Drone x2  
  49  6:04  Baneling  
  49  6:24  Zergling x2  
  46  6:31  Zergling x2  
  44  6:37  Zergling x2  
  45  6:44  Zergling x2  
  46  7:00  Drone x2  
  46  7:01  Drone x4, Mutalisk  
  50  7:06  Metabolic Boost  
  50  7:07  Extractor  
  53  7:08  Extractor  
  53  7:09  Mutalisk  
  53  7:12  Drone  
  55  7:20  Drone  
  55  7:22  Mutalisk, Overlord  
  58  7:23  Drone x2  
  58  7:26  Zerg Melee Weapons Level 1  
  60  7:31  Drone  
  60  7:34  Drone  
  62  7:42  Drone  
  63  7:45  Drone  
  64  7:52  Drone  
  64  7:54  Drone, Mutalisk, Overlord  
  64  7:56  Drone  
  69  8:03  Drone  
  69  8:04  Burrow  
  70  8:06  Baneling  
  70  8:07  Drone  
  70  8:08  Baneling  
  71  8:14  Drone  
  71  8:18  Drone  
  73  8:22  Centrifical Hooks  
  73  8:24  Drone  
  73  8:26  Drone, Overlord, Zergling x2  
  76  8:30  Drone  
  77  8:35  Mutalisk  
  79  8:41  Mutalisk  
  79  8:43  Spore Crawler  
  79  8:46  Drone  
  79  8:47  Spore Crawler  
  80  8:51  Drone  
  80  8:52  Spore Crawler  
  80  8:57  Drone, Mutalisk, Spore Crawler  
  80  8:58  Drone, Overlord  
  83  9:04  Mutalisk  
  83  9:05  Queen  
  87  9:11  Spine Crawler  
  87  9:14  Spine Crawler  
  85  9:18  Infestation Pit  
  85  9:19  Drone  
  85  9:20  Zerg Missile Weapons Level 1  
  85  9:23  Spine Crawler  
  84  9:24  Drone  
  85  9:37  Spine Crawler  
  84  9:39  Drone  
  84  9:42  Overlord, Queen  
  87  9:52  Evolution Chamber  
  86  9:54  Drone  
  86  9:55  Overseer  
  87  10:01  Overseer  
  87  10:04  Hatchery  
  86  10:14  Corruptor  
  86  10:18  Zerg Ground Armor Level 1  
  86  10:19  Hive  
  63  10:36  Zergling x2  
  62  10:45  Infestor, Pneumatized Carapace  
  64  11:16  Drone x2  
  64  11:17  Drone x4  
  64  11:18  Drone x2  
  72  11:20  Drone  
  72  11:22  Drone  
  72  11:24  Drone  
  75  11:27  Drone  
  75  11:28  Extractor  
  75  11:29  Drone, Overseer, Extractor  
  75  11:31  Drone  
  75  11:32  Greater Spire  
  76  11:33  Drone  
  76  11:35  Drone  
  76  11:37  Drone  
  79  11:48  Corruptor  
  79  11:53  Overseer  
  81  12:02  Corruptor  
  83  12:10  Spore Crawler  
  83  12:11  Drone, Spore Crawler  
  83  12:12  Infestor, Drone, Overlord  
  85  12:19  Queen  
  85  12:20  Zerg Melee Weapons Level 2  
  87  12:34  Zerg Ground Armor Level 2  
  87  12:35  Spine Crawler  
  87  12:36  Drone  
  87  12:37  Spine Crawler  
  87  12:38  Drone  
  87  12:43  Corruptor  
  87  12:44  Brood Lord  
  91  12:54  Brood Lord x2  
  91  12:56  Corruptor  
  91  12:57  Overlord  
  97  13:06  Corruptor  
  97  13:12  Pathogen Glands  
  99  13:18  Zerg Flyer Weapons Level 1  
  99  13:20  Brood Lord  
  99  13:24  Corruptor  
  103  13:35  Brood Lord  
  103  13:39  Corruptor  
  107  13:56  Ultralisk Cavern  
  107  13:57  Drone  
  107  14:03  Overlord  
  107  14:10  Zergling x2  
  107  14:15  Hatchery  
  107  14:16  Brood Lord, Drone  
  107  14:17  Brood Lord x2, Corruptor  
  111  14:22  Overlord  
  111  14:23  Corruptor  
  117  14:30  Corruptor  
  119  14:36  Corruptor  
  121  14:42  Overlord, Overseer  
  121  14:48  Zerg Missile Weapons Level 2  
  119  15:00  Zerg Melee Weapons Level 3  
  119  15:01  Zergling x2  
  109  15:09  Brood Lord  
  109  15:12  Zerg Flyer Armor Level 1  
  105  15:20  Brood Lord  
  101  15:27  Queen, Corruptor  
  97  15:36  Extractor  
  97  15:37  Drone  
  97  15:39  Brood Lord  
  99  15:42  Spore Crawler  
  99  15:43  Drone  
  99  15:45  Drone, Spore Crawler  
  99  15:46  Extractor, Zergling x2  
  99  15:48  Drone  
  95  15:52  Corruptor  
  89  16:09  Overseer  
  89  16:10  Spine Crawler  
  89  16:11  Drone  
  87  16:12  Spine Crawler  
  87  16:13  Infestor, Drone  
  89  16:26  Brood Lord  
  89  16:29  Brood Lord, Corruptor  
  95  16:36  Corruptor  
  97  16:42  Overseer  
  97  17:06  Brood Lord, Corruptor  
  101  17:13  Brood Lord  
  103  17:18  Corruptor  
  105  17:25  Corruptor  
  107  17:31  Corruptor  
  107  17:34  Overlord  
  107  17:35  Overseer  
  109  17:43  Brood Lord  
  111  17:47  Ultralisk  
  117  17:52  Hydralisk, Overlord  
  119  18:03  Ultralisk  
  125  18:11  Overlord  
  124  18:25  Overseer  
  124  18:29  Ultralisk, Overlord  
  126  18:34  Hydralisk  
  126  18:40  Hydralisk  
  130  18:46  Zergling x2  
  131  18:49  Overlord  
  131  18:52  Ultralisk, Overseer  
  119  18:58  Ultralisk  
  121  19:03  Hydralisk  
  121  19:04  Overseer  
  121  19:08  Overlord  
  115  19:10  Zergling x2  
  115  19:11  Spine Crawler  
  115  19:15  Hydralisk  
  115  19:17  Ultralisk  
  112  19:21  Hydralisk  
  112  19:22  Hatchery, Overseer  
  105  19:27  Ultralisk, Overlord  
  106  19:32  Spore Crawler  
  106  19:34  Drone  
  106  19:38  Ultralisk  
  106  19:39  Drone x2  
  106  19:43  Zergling x2  
  105  19:49  Hydralisk  
  107  19:58  Ultralisk, Overlord  
  107  19:59  Extractor  
  112  20:13  Ultralisk  
  118  20:16  Drone, Overlord, Queen  
  118  20:17  Drone x2  
  123  20:27  Ultralisk  
  129  20:32  Hydralisk  
  129  20:34  Drone x2, Overlord, Queen  
  129  20:35  Drone x4  
  138  20:36  Drone x3  
  138  20:37  Drone x3  
  138  20:38  Hydralisk  
  138  20:42  Extractor  
  146  20:43  Drone  
  146  20:44  Hydralisk  
  146  20:46  Drone, Spore Crawler  
  146  20:48  Spore Crawler  
  146  20:49  Drone  
  149  20:53  Extractor, Overlord  
  149  20:54  Drone  
  149  20:56  Zerg Ground Armor Level 3  
  149  20:58  Roach  
  149  21:00  Zergling x2  
  149  21:02  Roach  
  141  21:06  Roach  
  141  21:08  Roach  
  145  21:12  Overlord  
  145  21:13  Roach  
  145  21:14  Spine Crawler  
  145  21:16  Roach  
  145  21:17  Spine Crawler  
  145  21:18  Roach  
  149  21:20  Roach  
  149  21:24  Ravager, Roach  
  154  21:26  Ravager, Roach  
  154  21:29  Ravager  
  154  21:30  Overlord, Roach  
  154  21:32  Ravager, Roach  
  163  21:35  Ravager  
  163  21:36  Roach  
  163  21:37  Ultralisk  
  166  21:47  Hydralisk  
  166  21:48  Drone, Overlord  
  166  21:49  Drone  
  166  21:50  Hydralisk  
  166  21:52  Infestor  
  174  21:56  Glial Reconstitution  
  168  22:08  Overlord  
  162  22:09  Zerg Missile Weapons Level 3  
  162  22:12  Hydralisk  
  162  22:15  Hydralisk  
  160  22:20  Overseer  
  150  22:27  Chitinous Plating  
  142  22:42  Hydralisk  
  142  22:51  Zerg Flyer Weapons Level 2  
  142  22:53  Ultralisk  
  142  22:56  Infestor  
  142  23:08  Hydralisk  
  142  23:15  Tunneling Claws  
  142  23:19  Overseer  
  136  23:32  Overlord  
  134  23:43  Overseer  
  134  23:47  Hydralisk  
  130  23:53  Mutalisk  
  132  24:03  Corruptor  
  134  24:15  Mutalisk  
  136  24:17  Overlord  
  136  24:20  Mutalisk  
  138  24:27  Viper  
  141  24:33  Mutalisk  
  141  24:36  Overlord  
  143  24:39  Brood Lord, Corruptor  
  147  24:46  Mutalisk  
  147  24:51  Mutalisk  
  151  24:54  Hatchery  
  151  24:55  Drone, Overlord  
  151  24:56  Mutalisk  
  153  25:01  Corruptor  
  153  25:02  Viper  
  158  25:14  Overlord  
  158  25:15  Corruptor  
  158  25:16  Brood Lord  
  162  25:23  Zerg Flyer Armor Level 2  
  162  25:33  Brood Lord, Overlord, Corruptor  
  166  25:47  Brood Lord  
  168  25:50  Corruptor  
  170  26:06  Queen  
  172  26:17  Extractor  
  172  26:18  Drone  
  172  26:20  Spore Crawler  
  172  26:21  Drone  
  172  26:24  Drone, Spore Crawler  
  172  26:26  Extractor  
  172  26:27  Drone  
  172  26:31  Drone, Spire  
  172  26:54  Spine Crawler  
  172  26:55  Drone  
  172  26:56  Spine Crawler  
  172  26:58  Drone  
  172  27:07  Ultralisk  
  178  27:11  Ultralisk  
  190  27:15  Ultralisk  
  190  27:20  Ultralisk  
  196  27:45  Zergling x2  
  196  27:50  Ultralisk  
  198  28:06  Ultralisk  
  198  28:11  Ultralisk  
  184  28:16  Hydralisk  
  178  29:12  Roach  
  166  29:59  Hatchery  
Tags
 
Add a new tag
Caveats
  • Supply blocks, unpowered buildings, or Contaminate may cause inaccurate times.
  • Supply counts are checked every 10 seconds.